 Dungeon Crawl Stone Soup version 0.27.0-1-g7a089689b8 (webtiles) character file.

Game seed: 16198619525831730778

242 gimp the Firebug (level 6, -5/49 HPs)
             Began as a Naga Fire Elementalist on Aug 5, 2021.
             Was a Priest of Jiyva.
             Slain by a hornet zombie (9 damage)
             ... on level 5 of the Dungeon.
             The game lasted 00:06:35 (3108 turns).

gimp the Firebug (Naga Fire Elementalist)           Turns: 3108, Time: 00:06:36

Health: -5/49      AC:  5    Str: 11    XL:     6   Next: 9%
Magic:  1/10       EV:  9    Int: 19    God:    Jiyva [***...]
Gold:   93         SH:  0    Dex:  9    Spells: 3/11 levels left

rFire    . . .     SeeInvis +   c - +0 mace
rCold    . . .     Faith    .   (no shield)
rNeg     . . .     Spirit   .   a - +0 robe
rPois    +         Reflect  .   (no helmet)
rElec    .         Harm     .   (no cloak)
rCorr    +         Rampage  .   (no gloves)
Will     .....                  (no barding)
Stlth    ++........             g - amulet of regeneration
HPRegen  1.16/turn              (no ring)
MPRegen  0.12/turn              (no ring)

@: very slightly contaminated, very slow
A: AC +2, large, see invisible, deformed body, poison resistance, slowness 2,
spit poison 1, naga tail 1, iridescent scales 1
a: Spit Poison, Renounce Religion, Request Jelly


You were on level 5 of the Dungeon.
You worshipped Jiyva.
Jiyva was most pleased with you.
You visited 1 branch of the dungeon, and saw 5 of its levels.

You collected 93 gold pieces.

Inventory:

Hand Weapons
 b - a +0 trident
 c - a +0 mace (weapon)
Armour
 a - a +0 robe (worn)
Jewellery
 g - an amulet of regeneration (around neck)
 j - a +6 ring of strength
Wands
 k - a wand of charming (4)
Scrolls
 e - a scroll of blinking {unknown}
 f - a scroll of amnesia
 h - a scroll of noise {unknown}
 l - a scroll of fog {unknown}
Potions
 d - a potion of mutation {unknown}
 i - a potion of flight


   Skills:
 - Level 1.5 Dodging
 - Level 3.0 Stealth
 + Level 3.0 Spellcasting
 * Level 3.7 Conjurations
 * Level 4.7 Fire Magic


You had 3 spell levels left.
You knew the following spells:

 Your Spells              Type           Power      Damage    Failure   Level
a - Foxfire               Conj/Fire      76%        2x1d7     2%          1
b - Conjure Flame         Conj/Fire      19%        6-21      8%          3
c - Sticky Flame          Conj/Fire      19%        2d4       26%         4

Your spell library contained the following spells:

 Spells                   Type           Power      Damage    Failure   Level
 Inner Flame              Hex/Fire       11%        N/A       17%         3
 Ignite Poison            Fire/Tmut/Pois 8%         N/A       24%         3
 Fireball                 Conj/Fire      9%         3d6       58%         5


Dungeon Overview and Level Annotations

Branches:
Dungeon (5/15)
 Temple: D:4-7

Altars:
Jiyva

Shops:
D:3 (   D:4 *


Innate Abilities, Weirdness & Mutations

Your serpentine skin is tough. (AC +2)
You have supernaturally acute eyesight. (SInv)
Armour fits poorly on your strangely shaped body.
Your system is resistant to poisons. (rPois)
You cover ground very slowly.
You can spit poison.
You have a snake-like lower body.
You are partially covered in iridescent scales. (AC +2)


Message History

The hornet zombie hits you.
* * * LOW HITPOINT WARNING * * *
You take 1 damage, and have 12/49 hp.
Aiming: Charm
Press: ? - help, Shift-Dir - straight line, f - hornet zombie
Aim: a hornet zombie (severely damaged, chance to affect: 56%)
The hornet zombie is charmed.
You start resting.
Your magical contamination has completely faded away.
You regained 14 hp, and now have 27/49 hp.
You regained 2 mp, and now have 2/10 mp.
You start resting.
The hornet zombie is no longer charmed.
The hornet zombie hits you!
You regained 3 hp, and now have 30/49 hp.
You conjure some foxfire!
The hornet zombie hits you!
Jiyva's power touches on your attributes.
You feel stronger.
You feel clumsy.
You take 7 damage, and have 23/49 hp.
You now have 2/10 mp.
You are too injured to fight recklessly!
Casting: Foxfire (safe; 2% risk of failure)
Press: ? - help, Q - select action, (/) - cycle Dir - look around, f - activate You miscast Foxfire.
You are very lightly contaminated with residual magic.
Nothing appears to happen.
The foxfire hits the hornet zombie but does no damage.
The hornet zombie is severely damaged.
The foxfire hits the hornet zombie.
The hornet zombie is severely damaged.
The hornet zombie hits you!
* * * LOW HITPOINT WARNING * * *
The hornet zombie hits you!
* * * LOW HITPOINT WARNING * * *
You take 20 damage, and have 3/49 hp.
MASSIVE DAMAGE!!
You now have 1/10 mp.
Aiming: Charm
Press: ? - help, Shift-Dir - straight line, f - hornet zombie
Aim: a hornet zombie (severely damaged, chance to affect: 56%)
The hornet zombie resists with significant effort.
The hornet zombie hits you!
You die...

###+##+## #. #........
. #....g... #
#........ #######
####..g..>.. +......
#.....gg.g.. #.#####
#....###########.#####
#.....................
#....@Z).).......#####
#...ยง.)..........# .
#####............# ##
##############


You could see a hornet zombie.

Vanquished Creatures
  A water moccasin (D:4)
  An ogre (D:4)
  Terence (D:2)
  4 gnolls
  4 adders
  An adder skeleton (D:2)
  A dart slug (D:2)
  2 orcs
  2 ball pythons
  An endoplasm (D:1)
  4 giant cockroaches
  3 goblins
  6 hobgoblins
  4 jackals (D:1)
  2 kobolds
  2 quokkas
  4 bats
  A frilled lizard (D:1)
  4 rats
  A spectral hobgoblin (D:1)
49 creatures vanquished.

Vanquished Creatures (collateral kills)
  A gnoll (D:5)
  A foxfire (D:5)
2 creatures vanquished.

Vanquished Creatures (others)
  A scorpion (D:5)
  A wyvern skeleton (D:5)
  A centaur zombie (D:5)
  9 jellies
  A gnoll shaman (D:5)
  An orc priest (D:4)
  A hound (D:5)
  A bullfrog skeleton (D:5)
  2 orc wizards (D:4)
  5 gnolls
  8 adders
  A worm (D:2)
  3 orcs (D:4)
  2 ball pythons
  3 endoplasms
  A giant cockroach (D:2)
  2 goblins (D:2)
  2 hobgoblins (D:4)
  4 jackals (D:2)
  3 frilled lizards (D:2)
  A kobold (D:2)
  A rat (D:3)
  132 foxfires
  7 plants (D:5)
193 creatures vanquished.

Grand Total: 244 creatures vanquished

Notes
Turn   | Place    | Note
-------+----------+-------------------------------------------
     0 | D:1      | gimp the Naga Fire Elementalist began the quest for the
                  | Orb.
     0 | D:1      | Reached XP level 1. HP: 15/15 MP: 3/3
   309 | D:1      | Reached XP level 2. HP: 17/22 MP: 1/5
   690 | D:1      | Reached XP level 3. HP: 28/28 MP: 6/6
   776 | D:1      | Found a faded altar of an unknown god.
   787 | D:1      | Became a worshipper of Jiyva Joseuqim the Shapeless
   787 | D:1      | Reached * piety under Jiyva
  1051 | D:2      | Reached ** piety under Jiyva
  1198 | D:2      | Noticed Terence
  1212 | D:2      | Killed Terence
  1596 | D:3      | Reached XP level 4. HP: 28/36 MP: 5/7
  1707 | D:3      | Found Pottael's Antique Weapon Boutique.
  2117 | D:3      | Reached skill level 4 in Fire Magic
  2347 | D:4      | Found Teuxaj Veso's Assorted Antiques.
  2361 | D:4      | Learned a level 3 spell: Conjure Flame
  2366 | D:4      | Learned a level 4 spell: Sticky Flame
  2445 | D:4      | Reached *** piety under Jiyva
  2548 | D:4      | Noticed a water moccasin
  2558 | D:4      | Killed a water moccasin
  2559 | D:4      | Reached XP level 5. HP: 23/42 MP: 4/9
  2751 | D:4      | Noticed an ogre
  2759 | D:4      | Killed an ogre
  2821 | D:4      | Gained mutation: You are partially covered in iridescent
                  | scales. (AC +2) [Jiyva's grace]
  2947 | D:5      | Entered Level 5 of the Dungeon
  3003 | D:5      | Reached XP level 6. HP: 34/49 MP: 6/10
  3108 | D:5      | Slain by a hornet zombie

Illustrated notes

Levels and vault maps discovered:
D:1:      scummos_arrival_hexagon, layout_basic,
          dreamdust_ecumenical_altar_drowned_temple
D:2:      layout_basic, kennysheep_generic_room_16, uniq_terence
D:3:      layout_basic, serial_shops, shop, moated_statue, corner_web_ring
D:4:      layout_basic, serial_shops, shop, kennysheep_generic_room_9
D:5:      layout_basic, minmay_temple_entry_gardened_gates,
          kennysheep_pointless_box, minmay_tree_intersection, uniq_ijyb,
          uniq_sigmund

Skill      XL: |  1  2  3  4  5 |
---------------+----------------+-----
Conjurations   | 2 3 |  3.7
Fire Magic     | 4 |  4.7
Spellcasting   | 3 |  3.0
Dodging        | |  1.5
Stealth        | |  3.0

Action                   |  1- 3 |  4- 6 || total
-------------------------+-------+-------++-------
Melee: Mace              |    33 |    11 ||    44
       Unarmed           |     3 |       ||     3
 Cast: Foxfire           |    41 |    41 ||    82
Invok: Request Jelly     |       |     1 ||     1
 Abil: Spit Poison       |    18 |    10 ||    28
Evoke: Wand              |       |     6 ||     6
  Use: Scroll            |       |     2 ||     2
Armor: Robe              |    16 |     2 ||    18
Dodge: Dodged            |    36 |    15 ||    51
